 Dungeon Crawl Stone Soup version 0.19.0-24-gb05acd6 (webtiles) character file.

96 Leibowitz the Sneak (level 4, -6/33 HPs)
             Began as a Demigod Enchanter on Nov 21, 2016.
             Mangled by an orc warrior
             ... wielding a +0 glaive
              (23 damage)
             ... on level 3 of the Dungeon.
             The game lasted 00:08:28 (2895 turns).

Leibowitz the Sneak (Demigod Enchanter)             Turns: 2895, Time: 00:08:29

Health: -6/33      AC:  8    Str: 11    XL:     4   Next: 18%
Magic:  9/9        EV: 12    Int: 21    God:
Gold:   131        SH:  0    Dex: 16    Spells: 3 memorised, 1 level left

rFire  . . .     SeeInvis .     a - +1 dagger
rCold  . . .     Gourm    .     h - +3 leather armour {rPois}
rNeg   . . .     Faith    .     (no shield)
rPois  +         Spirit   .     (no helmet)
rElec  .         Reflect  .     q - +0 cloak
rCorr  .         Harm     .     (no gloves)
MR     .....                    (no boots)
Stlth  +.........               (no amulet)
                                (no ring)
                                v - +1 ring of protection

@: confused
A: high mp 1
a: no special abilities


You were on level 3 of the Dungeon.
You were not hungry.

You visited 1 branch of the dungeon, and saw 3 of its levels.

You collected 131 gold pieces.

Inventory:

Hand Weapons
 a - a +1 dagger (weapon)
Armour
 h - a +3 leather armour of poison resistance (worn)
 q - a +0 cloak (worn)
Jewellery
 v - a +1 ring of protection (left hand)
Scrolls
 e - a scroll of enchant armour {unknown}
 g - 2 scrolls of teleportation {unknown}
 i - 2 scrolls of immolation {unknown}
 j - 5 scrolls of remove curse {unknown}
 o - 4 scrolls of enchant weapon {unknown}
 p - a scroll of magic mapping {unknown}
 s - a scroll of blinking {unknown}
 u - a scroll of identify {unknown}
 w - a scroll of noise {unknown}
Potions
 b - a potion of agility
 f - 2 potions of degeneration {unknown}
 k - a potion of might {unknown}
 l - a potion of curing {unknown}
 n - a potion of haste
 r - a potion of heal wounds {unknown}
 t - a potion of mutation {unknown}
Books
 c - a book of Maledictions

   Spells                             Type                      Level
   a - Corona                         Hexes                        1
   b - Ensorcelled Hibernation        Hexes/Ice                    2
   c - Confuse                        Hexes                        3
   d - Tukima's Dance                 Hexes                        3
   e - Dazzling Spray                 Conjuration/Hexes            3
Comestibles
 d - 2 bread rations
 m - 2 beef jerkies
 x - 2 chunks of flesh
 z - a meat ration


   Skills:
 + Level 0.1 Fighting
 + Level 1.6 Short Blades
 + Level 0.5 Armour
 + Level 2.1 Dodging
 + Level 3.5 Stealth
 + Level 2.0 Spellcasting
 + Level 3.2 Hexes
 + Level 0.5 Ice Magic


You had one spell level left.
You knew the following spells:

 Your Spells              Type           Power        Failure   Level  Hunger
a - Corona                Hex            ###....      6%          1    #......
b - Ensorcelled Hibernat  Hex/Ice        ##....       17%         2    ##.....
c - Confuse               Hex            ###.....     17%         3    ###....


Dungeon Overview and Level Annotations

Branches:
Dungeon (3/15)

Annotations:
D:3 Gargoyl's ghost, amateur DsAK


Innate Abilities, Weirdness & Mutations

You have an increased reservoir of magic. (+10% MP)


Message History

The orc wizard casts a spell at you.
You are confused.
You hit the orc wizard but do no damage.
The orc wizard points at you and mumbles some strange words.
The magic dart hits you!
You hit the orc wizard but do no damage.
The orc wizard barely misses you.
You hit the orc wizard but do no damage.
The orc wizard gestures at you while chanting.
The puff of flame misses you. The orc wizard casts a spell at you.
You are more confused.
The orc wizard gestures at you while chanting.
The puff of flame hits you!
You bump into the rock wall.
The orc warrior hits you but does no damage.
You bump into the rock wall.
The orc warrior hits you from afar with a glaive!!
Ouch! That really hurt!
You die...

#..#########.### #
##....<######.#####.##
#.....................
#.#.########...##.....
#....# #..........
#....# #...##.....
#....# #.### .K.#
........####.# .##
...........@..# ..
..........####o# #
###.....#.# #o# #o#
... ###


You could see an orc warrior.

Vanquished Creatures
  2 adders (D:2)
  2 oozes
  2 worms
  2 dart slugs
  A leopard gecko (D:1)
  An orc (D:3)
  5 bats
  2 giant cockroaches
  9 hobgoblins
  3 jackals (D:2)
  A quokka (D:2)
  A ball python (D:1)
  4 frilled lizards
  9 goblins
  8 kobolds
  4 rats (D:1)
56 creatures vanquished.

Notes
Turn   | Place    | Note
-------+----------+-------------------------------------------
     0 | D:1      | Leibowitz the Demigod Enchanter began the quest for the Orb.
     0 | D:1      | Reached XP level 1. HP: 14/14 MP: 5/5
   533 | D:1      | Reached XP level 2. HP: 13/20 MP: 7/7
   542 | D:1      | Learned a level 2 spell: Ensorcelled Hibernation
  1022 | D:1      | Reached skill level 1 in Short Blades
  1453 | D:2      | Reached XP level 3. HP: 26/26 MP: 8/8
  2334 | D:3      | Noticed an orc warrior
  2408 | D:3      | Reached XP level 4. HP: 27/33 MP: 9/9
  2413 | D:3      | Learned a level 3 spell: Confuse
  2457 | D:3      | Noticed Gargoyl's ghost (amateur DsAK)
  2895 | D:3      | Mangled by an orc warrior

Skill      XL: |  1  2  3  4 |
---------------+-------------+-----
Hexes          | 3 |  3.2
Stealth        | 3 |  3.5
Dodging        | 2 |  2.1
Short Blades   | 1 |  1.6
Spellcasting   | 2 |  2.0
Fighting       | |  0.1
Armour         | |  0.5
Ice Magic      | |  0.5

Action                   |  1- 3 |  4- 6 || total
-------------------------+-------+-------++-------
Melee: Dagger            |   136 |    40 ||   176
 Cast: Ensorcelled Hiber |    17 |     2 ||    19
       Confuse           |       |     3 ||     3
 Stab: Sleeping          |    18 |     1 ||    19
  Eat: Chunk             |     6 |     2 ||     8
Armor: Leather armour    |    44 |     7 ||    51
       Robe              |     1 |       ||     1
Dodge: Dodged            |    67 |    21 ||    88
